 Dungeon Crawl Stone Soup version 0.21-a0-348-ga060c75 (webtiles) character file.

147 Hasart the Cudgeler (level 5, -6/41 HPs)
             Began as a Mummy Fighter on Oct 6, 2017.
             Mangled by Grinder (8 damage)
             ... while paralysed by Grinder
             ... on level 3 of the Dungeon.
             The game lasted 00:03:04 (2157 turns).

Hasart the Cudgeler (Mummy Fighter)                 Turns: 2157, Time: 00:03:05

Health: -6/41      AC:  7    Str: 20    XL:     5   Next: 7%
Magic:  5/5        EV:  2    Int:  8    God:
Gold:   101        SH:  0    Dex: 11    Spells: 4/4 levels left

rFire    x . .     SeeInvis .   a - +0 flail
rCold    + . .     Gourm    .   c - +0 shield
rNeg     + + +     Faith    .   b - +0 scale mail
rPois    ∞         Spirit   .   (no helmet)
rElec    .         Reflect  .   f - +0 cloak
rCorr    .         Harm     .   (no gloves)
MR       .....                  (no boots)
Stlth    ..........             (no amulet)
HPRegen  0.13/turn              (no ring)
MPRegen  0.09/turn              (no ring)

@: paralysed
A: no food or potions, fire vulnerability, cold resistance 1, negative energy
resistance 3, torment resistance, unbreathing
a: no special abilities


You were on level 3 of the Dungeon.
You were not hungry.

You visited 1 branch of the dungeon, and saw 3 of its levels.

You collected 101 gold pieces.

Inventory:

Hand Weapons
 a - a +0 flail (weapon)
Armour
 b - a +0 scale mail (worn)
 c - a +0 shield (worn)
 f - a +0 cloak (worn)
Scrolls
 d - a scroll of fog {unknown}
 e - a scroll of amnesia {unknown}


   Skills:
 - Level 3.0 Fighting
 + Level 4.4 Maces & Flails
 - Level 2.4 Armour
 - Level 2.4 Shields


You had 4 spell levels left.
You didn't know any spells.

Dungeon Overview and Level Annotations

Branches:
Dungeon (3/15)

Altars:

Annotations:
D:3 Grinder, Natasha


Innate Abilities, Weirdness & Mutations

You do not eat or drink.
Your flesh is vulnerable to fire.
You are immune to poison.
Your flesh is cold resistant. (rC+)
You are immune to negative energy. (rN+++)
You are immune to unholy pain and torment.
You can survive without breathing.


Message History

You hit Grinder.
Grinder is heavily wounded.
Grinder blinks!
Items here: ( ) ? [ † a quarterstaff; a ring mail; 2 scrolls labeled UBLITI JURE; a stone a kobold corpse Natasha, Servant of Life and Death comes into view.
Natasha hisses angrily.
Grinder gestures at you.
You suddenly lose the ability to move!
Grinder hits you but does no damage.
Natasha mumbles some strange words.
Grinder hits you.
* * * LOW HITPOINT WARNING * * *
The crimson imp shouts!
Grinder hits you but does no damage. Grinder hits you.
* * * LOW HITPOINT WARNING * * *
The crimson imp blinks!
Grinder hits you!
You die...

..........#
....S...).#
..####....#
###'## #.#
#(# #)# #.#
#@# #5# .h§
#....
'.....
##.$....
########


You could see Grinder and Natasha.

Vanquished Creatures
  Natasha (D:3)
  A worker ant zombie (D:2)
  5 adders
  An ooze (D:1)
  2 worms
  A leopard gecko (D:1)
  3 giant cockroaches
  6 goblins
  6 hobgoblins
  8 jackals
  A ball python (D:2)
  9 bats
  3 frilled lizards
  5 kobolds
  3 rats (D:2)
55 creatures vanquished.

Notes
Turn   | Place    | Note
-------+----------+-------------------------------------------
     0 | D:1      | Hasart the Mummy Fighter began the quest for the Orb.
     0 | D:1      | Reached XP level 1. HP: 18/18 MP: 1/1
   235 | D:1      | Reached skill level 2 in Maces & Flails
   244 | D:1      | Reached XP level 2. HP: 20/24 MP: 2/2
   652 | D:1      | Reached XP level 3. HP: 29/29 MP: 3/3
   906 | D:2      | Reached skill level 3 in Maces & Flails
  1221 | D:2      | Reached XP level 4. HP: 35/35 MP: 4/4
  1610 | D:2      | Reached skill level 4 in Maces & Flails
  1830 | D:3      | Noticed Natasha
  1847 | D:3      | Killed Natasha
  1942 | D:3      | Reached XP level 5. HP: 13/41 MP: 5/5
  2126 | D:3      | Noticed Grinder
  2151 | D:3      | Noticed Natasha
  2152 | D:3      | Paralysed by Grinder for 6 turns
  2156 | D:3      | HP: 2/41 [Grinder (4)]
  2157 | D:3      | Mangled by Grinder

Vault maps used:
D:1:      dpeg_arrival_triangle_fractal, minmay_tromino_v7
D:3:      lemuel_crystal_altar, uniq_natasha, uniq_grinder

Skill      XL: |  1  2  3  4 |
---------------+-------------+-----
Maces & Flails | 2 3 4 |  4.4
Fighting       | |  3.0
Armour         | |  2.4
Shields        | |  2.4

Action                   |  1- 3 |  4- 6 || total
-------------------------+-------+-------++-------
Melee: Flail             |   124 |   119 ||   243
Armor: Scale mail        |    74 |    48 ||   122
Dodge: Dodged            |    47 |    40 ||    87
Block: Shield            |    77 |    58 ||   135

Table legend:
 A = Spawn XP
 B = Non-spawn XP
 C = Spawn XP percentage of total XP
 D = Spawn monster count
 E = Non-spawn monster count
 F = Spawn count percentage of total count
 G = Total turns spent on level
                    A         B        C        D         E        F      G
               +---------+---------+-------+---------+---------+-------+---------
         Total |       0 |     210 |   0.0 |       0 |      55 |   0.0 |  2157
               +---------+---------+-------+---------+---------+-------+---------
           D:1 |       0 |      43 |   0.0 |       0 |      21 |   0.0 |   849
           D:2 |       0 |     104 |   0.0 |       0 |      26 |   0.0 |   897
           D:3 |       0 |      63 |   0.0 |       0 |       8 |   0.0 |   411
               +---------+---------+-------+---------+---------+-------+---------
